 Dungeon Crawl Stone Soup version 0.28.0-61-g67df4f89a8 (webtiles) character file.

Game seed: 2454031924867301527

491 NotaViper the Chopper (level 6, -7/56 HPs)
             Began as a Minotaur Fighter on Feb 16, 2023.
             Mangled by an ogre
             ... wielding a +0 giant club
              (14 damage)
             ... on level 5 of the Dungeon.
             The game lasted 00:12:50 (4260 turns).

NotaViper the Chopper (Minotaur Fighter)            Turns: 4260, Time: 00:12:51

Health: -7/56      AC: 10    Str: 20    XL:     6   Next: 91%
Magic:  5/5        EV:  7    Int:  5    God:
Gold:   248        SH:  5    Dex: 12    Spells: 5/5 levels left

rFire   x . .      SeeInvis .   a - +0 war axe
rCold   + . .      Faith    .   c - +0 buckler
rNeg    . . .      Spirit   .   t - +0 chain mail
rPois   .          Reflect  .   (helmet restricted)
rElec   .          Harm     .   g - scarf {repulsion}
rCorr   .          Rampage  .   (no gloves)
Will    .....                   (no boots)
Stlth   ..........              (no amulet)
HPRegen 0.18/turn               u - ring of ice
MPRegen 0.09/turn               (no ring)

@: about to teleport, repel missiles
A: horns 2, retaliatory headbutt
a: no special abilities


You were on level 5 of the Dungeon.
You visited 1 branch of the dungeon, and saw 5 of its levels.

You collected 248 gold pieces.

Inventory:

Hand Weapons
 a - a +0 war axe (weapon)
 f - a +0 whip
 i - a -2 hunting sling
 l - a +0 short sword
 n - a +0 trident
 p - a +0 spear
 A - a +0 trident
Missiles
 e - 29 arrows
 o - 51 stones (quivered)
 s - 8 boomerangs
 w - 2 throwing nets
Armour
 b - a +0 scale mail
 c - a +0 buckler (worn)
 g - a scarf of repulsion (worn)
 q - a +0 ring mail
 t - a +0 chain mail (worn)
Jewellery
 u - a ring of ice (left hand)
Scrolls
 j - a scroll of brand weapon
 k - a scroll of blinking
 y - a scroll of magic mapping
Potions
 d - a potion of might
 h - 2 potions of lignification
 m - a potion of curing {unknown}
 r - 3 potions of heal wounds {unknown}
 v - a potion of cancellation {unknown}
 z - 2 potions of haste {unknown}
 B - a potion of ambrosia {unknown}


   Skills:
 + Level 5.1 Fighting
 + Level 6.0 Axes
 + Level 5.8 Armour
 + Level 1.2 Dodging
 + Level 4.5 Shields


You had 5 spell levels left.
You didn't know any spells.
Your spell library was empty.

Dungeon Overview and Level Annotations

Branches:
Dungeon (5/15)             Temple (0/1) D:5

Altars:

Shops:
D:4 [


Innate Abilities, Weirdness & Mutations

You have a pair of horns on your head.
You reflexively headbutt those who attack you in melee.


Message History

The phantom is severely damaged.
You slash the iguana! The phantom hits you.
The phantom blinks!
You blink.
You hit the phantom. You headbutt the phantom.
You destroy the phantom!
Your Axes skill increases to level 6!
The iguana bites you!
You hit the iguana but do no damage.
You headbutt the iguana, but do no damage.
The iguana is heavily wounded.
The iguana bites you.
You slash the iguana!
You kill the iguana!
You see here an iguana corpse.
An adder comes into view.
The adder hisses angrily.
An adder comes into view.
An ogre comes into view. It is wielding a +0 giant club.
The adder hisses angrily.
The adder barely misses you.
You hit the adder.
The adder is moderately wounded.
The adder bites you but does no damage.
You barely miss the adder. Your headbutt misses the adder.
The adder is moderately wounded.
You block the adder's attack. The adder bites you but does no damage.
The adder closely misses you. You furiously retaliate!
You headbutt the adder!
You kill the adder!
You miss the adder.
The adder is moderately wounded.
You hit the ogre. The adder bites you. The ogre hits you with a +0 giant club!
You block the adder's attack.
You closely miss the adder. Your headbutt misses the adder.
The adder is moderately wounded.
You slash the ogre! You block the adder's attack.
The ogre hits you with a +0 giant club!
* * * LOW HITPOINT WARNING * * *
The adder bites you but does no damage.
As you read the scroll of teleportation, it crumbles to dust.
You feel strangely unstable. The ogre hits you with a +0 giant club!
You die...

*,,,,,,+,,,,,#.*,*,*,*,*,**,*
**,,,,**,,,,,.#.#,#,*,*,*,*,*
*,,,,**,,,##.#.#.#,*,*,*,*,*
**,,,,**,,,#..#.#.#.*,*,*,*,,
*,,,,,,,,,,#........,,**,**,,
*,,,,,,,,,,+........,,,***,,,
**********+***,#........**,,,,,,,
*,,,,,,*,,,,,*##SO......****,,,,,
*,,,,,,*,,,,,*#.@..##+##,,,,,,,,*
*,,,,,,*,,,,,*#....#,,,,,*,,,,,,*
*,,,,,,+,,>,,*#...>+,,,,,*,,,>,,*
*,,,,,>*,,,,,##....#******,,,,,,*
********,,,,,#..#+##,,,,,,,****,,
*,,,,,#..+,,*,,,,,,,*,,*,,
****###..#,,*,,,,,,,*,,*,,
#....#,,+,,,,,,,*,,*,,
#....#,,*,,,,,,.*,,+,,


You could see an ogre and an adder.

Vanquished Creatures
  An ogre (D:4)
  A phantom (D:5)
  2 scorpions (D:4)
  A water moccasin skeleton (D:3)
  A jelly (D:3)
  An iguana (D:5)
  An adder (D:5)
  An adder skeleton (D:4)
  A worm (D:2)
  2 dart slugs (D:1)
  12 orcs
  7 ball pythons
  An endoplasm (D:4)
  A giant cockroach (D:1)
  7 goblins
  12 hobgoblins
  6 kobolds
  3 quokkas (D:1)
  8 bats
  2 frilled lizards
  A quokka skeleton (D:4)
  6 rats
78 creatures vanquished.

Notes
Turn   | Place    | Note
-------+----------+-------------------------------------------
     0 | D:1      | NotaViper the Minotaur Fighter began the quest for the Orb.
     0 | D:1      | Reached XP level 1. HP: 19/19 MP: 0/0
   299 | D:1      | Found a faded altar of an unknown god.
   342 | D:1      | Reached XP level 2. HP: 22/27 MP: 1/1
   929 | D:1      | Reached skill level 3 in Axes
  1439 | D:2      | Reached XP level 3. HP: 25/33 MP: 2/2
  2321 | D:3      | Reached XP level 4. HP: 12/40 MP: 3/3
  2724 | D:3      | Reached skill level 4 in Axes
  2724 | D:3      | Reached XP level 5. HP: 38/47 MP: 4/4
  3235 | D:4      | Reached skill level 5 in Armour
  3619 | D:4      | Reached skill level 5 in Axes
  3619 | D:4      | Reached skill level 1 in Dodging
  3619 | D:4      | Reached XP level 6. HP: 55/55 MP: 5/5
  3701 | D:4      | Reached skill level 5 in Fighting
  4093 | D:4      | Found Dengapet's Antique Armour Shoppe.
  4195 | D:5      | Entered Level 5 of the Dungeon
  4229 | D:5      | Reached skill level 6 in Axes
  4260 | D:5      | Mangled by an ogre

Illustrated notes

Levels and vault maps discovered:
D:1:      minmay_arrival_radiant_lines, layout_loops_corners,
          ebering_ecumenical_altar_rust
D:2:      layout_rooms, nrook_mini_backslash
D:3:      corexii_shack_village, layout_basic
D:4:      nicolae_BIG_FREAKIN_CUBE, layout_loops_ring, serial_shops,
          shop_fountains, nicolae_figureground_pulse
D:5:      layout_gridville, temple_green, minmay_manual_maat

Skill      XL: |  1  2  3  4  5  6 |
---------------+-------------------+-----
Armour         | 4 5 |  5.8
Fighting       | 4 5 |  5.1
Axes           | 3 4 5 6 |  6.0
Shields        | 4 |  4.5
Dodging        | 1 |  1.2

Action                   |  1- 3 |  4- 6 || total
-------------------------+-------+-------++-------
Melee: War axe           |   107 |    88 ||   195
       Headbutt          |    12 |    15 ||    27
  Use: Scroll            |     2 |     4 ||     6
Armor: Scale mail        |    38 |       ||    38
       Chain mail        |    16 |    51 ||    67
Dodge: Dodged            |    54 |    25 ||    79
Block: Buckler           |    34 |    26 ||    60
